 Dungeon Crawl Stone Soup version 0.28-a0-479-g5baa6b73be (webtiles) character file.

Game seed: 7956454911508588000

544135 Gwenloh the Metallomancer (level 26, 0/155 (158) HPs)
             Began as a Gargoyle Earth Elementalist on Sept 17, 2021.
             Was an Elder of Sif Muna.
             Slain by a vampire knight (6 damage)
             ... on level 1 of the Crypt on Sept 19, 2021.
             The game lasted 10:06:51 (98383 turns).

Gwenloh the Metallomancer (GrEE)                   Turns: 98383, Time: 10:06:52

HP:   0/155 (158)   AC: 36    Str: 13    XL:     26   Next: 9%
MP:   12/49         EV: 10    Int: 26    God:    Sif Muna [****..]
Gold: 3098          SH: 15    Dex: 13    Spells: 9/61 levels left

rFire   + + .      SeeInvis .   a - staff of earth
rCold   + + .      Faith    +   R - +2 shield of Resistance {rF++ rC++ Will++}
rNeg    + . .      Spirit   .   D - quicksilver dragon scales
rPois   ∞          Reflect  .   K - +1 hat
rElec   +          Harm     .   F - +1 cloak {Will+}
rCorr   +          Rampage  +   N - +2 pair of gloves
Will    +++++                   X - +2 pair of boots of Fashionability {Rampage}
Stlth   ++........              s - amulet of faith
HPRegen 0.35/turn               L - ring of resist corrosion
MPRegen 0.31/turn               C - ring of magical power

@: channelling, flying, very slightly contaminated, lightly drained, unable to
read
A: sickness immunity, AC +20, big wings, negative energy resistance 1,
electricity resistance, torment resistance 1, petrification resistance, antennae
1, thin skeletal structure 1, deformed body, deterioration 1, frail 1, low mp 1,
screaming 1, inability to read while threatened
}: 3/15 runes: decaying, serpentine, silver
a: Renounce Religion, Channel Magic, Forget Spell, Divine Exegesis


You were on level 1 of the Crypt.
You worshipped Sif Muna.
Sif Muna was greatly pleased with you.
You visited 10 branches of the dungeon, and saw 47 of its levels.
You also visited: Ossuary and Bailey.

You collected 5882 gold pieces.
You spent 2784 gold pieces at shops.

Inventory:

Missiles
 c - 937 stones (quivered)
Armour
 D - quicksilver dragon scales (worn)
 F - a +1 cloak of willpower (worn)
 K - a +1 hat (worn)
 N - a +2 pair of gloves (worn)
 R - the +2 shield of Resistance (worn) {rF++ rC++ Will++}
   (You found it on level 4 of the Lair of Beasts)

   rF:        It greatly protects you from fire.
   rC:        It greatly protects you from cold.
   Will:      It greatly increases your willpower.
 X - the +2 pair of boots of Fashionability (worn) {Rampage}
   (You bought it in a shop on level 2 of the Elven Halls)

   Rampage:   It bestows one free step when moving towards enemies.
Magical Staves
 a - a staff of earth (weapon)
Jewellery
 f - an amulet of magic regeneration
 g - the amulet "Rierixkiuta" {+Blink Regen+ Stlth+}
   (You found it on level 5 of the Vaults)

   [amulet of regeneration]

   +Blink:    It lets you blink.
   Regen:     It increases your rate of health regeneration.
   Stlth:     It makes you more stealthy.
 o - an amulet of the acrobat
 r - a +4 ring of evasion
 s - an amulet of faith (around neck)
 t - the amulet "Joypuniq" {Rampage rElec rPois rF+ Regen+}
   (You found it on level 15 of the Dungeon)

   [amulet of regeneration]

   rF:        It protects you from fire.
   rElec:     It insulates you from electricity.
   rPois:     It protects you from poison.
   Regen:     It increases your rate of health regeneration.
   Rampage:   It bestows one free step when moving towards enemies.
 y - a ring of see invisible
 C - a ring of magical power (right hand)
 L - a ring of resist corrosion (left hand)
 U - a ring of wizardry
Wands
 b - a wand of mindburst (68)
 v - a wand of charming (8)
 A - a wand of flame (168)
 G - a wand of paralysis (6)
 H - a wand of polymorph (51)
 S - a wand of iceblast (31)
 W - a wand of acid (15)
Scrolls
 e - 9 scrolls of magic mapping
 h - 2 scrolls of fear
 i - a scroll of summoning
 j - 9 scrolls of amnesia
 n - 5 scrolls of enchant weapon
 q - 4 scrolls of brand weapon
 w - 13 scrolls of identify
 x - 22 scrolls of teleportation
 z - 9 scrolls of blinking
 B - 2 scrolls of holy word
 P - 9 scrolls of fog
 T - 4 scrolls of torment
Potions
 k - 4 potions of invisibility
 l - 4 potions of magic
 p - 4 potions of mutation
 u - 6 potions of brilliance
 E - 22 potions of curing
 I - 3 potions of cancellation
 J - 7 potions of might
 M - 2 potions of haste
 O - 4 potions of heal wounds
 Y - a potion of berserk rage
 Z - 2 potions of resistance
Miscellaneous
 d - a lightning rod (4/4)
 m - a box of beasts
 Q - a tin of tremorstones (2/2)
 V - a phantom mirror


   Skills:
 + Level 20.7 Fighting
 - Level 6.3 Armour
 - Level 1.5 Dodging
 - Level 2.1 Stealth
 - Level 15.0 Shields
 + Level 18.4 Spellcasting
 + Level 17.5 Conjurations
 - Level 2.0 Necromancy
 - Level 4.0 Transmutations
 + Level 24.6 Earth Magic
 + Level 16.6 Invocations


You had 9 spell levels left.
You knew the following spells:

 Your Spells              Type           Power      Damage    Failure   Level
a - Stone Arrow           Conj/Erth      100%       3d13      0%          3
b - Iron Shot             Conj/Erth      58%        9d11      1%          6
c - Passwall              Tmut/Erth      82%        N/A       0%          2
d - Lee's Rapid Deconstr  Erth           61%        3d29*     0%          5
e - Animate Armour        Summ/Erth      100%       N/A       1%          4
f - Petrify               Tmut/Erth      99%        N/A       1%          4
g - Borgnjor's Vile Clut  Necr/Erth      48%        N/A       1%          5
h - Sandblast             Erth           100%       2d20      0%          1
i - Irradiate             Conj/Tmut      34%        3d24      1%          5
j - Lehudib's Crystal Sp  Conj/Erth      58%        10d13     4%          8
k - Shatter               Erth           61%        3d46*     16%         9

Your spell library contained the following spells:

 Spells                   Type           Power      Damage    Failure   Level
 Magic Dart               Conj           100%       1d8       0%          1
 Searing Ray              Conj           100%       2d8       0%          2
 Animate Skeleton         Necr           68%        N/A       1%          1
 Beastly Appendage        Tmut           88%        N/A       1%          1
 Foxfire                  Conj/Fire      100%       2x1d9     1%          1
 Shock                    Conj/Air       100%       1d9       1%          1
 Static Discharge         Conj/Air       62%        N/A       1%          2
 Wereblood                Tmut           44%        N/A       1%          2
 Conjure Flame            Conj/Fire      62%        6-21      1%          3
 Dazzling Flash           Conj/Hex       100%       N/A       1%          3
 Mephitic Cloud           Conj/Pois/Air  53%        N/A       1%          3
 Flame Wave               Conj/Fire      62%        3d11      1%          4
 Fulminant Prism          Conj/Hex       31%        3d16      1%          4
 Hailstorm                Conj/Ice       62%        3d13      1%          4
 Iskenderun's Mystic Bla  Conj/Tloc      62%        2d13      1%          4
 Leda's Liquefaction      Hex/Erth       46%        N/A       1%          4
 Sticky Flame             Conj/Fire      62%        2d8       1%          4
 Iskenderun's Battlesphe  Conj           86%        2d13      1%          5
 Fireball                 Conj/Fire      31%        3d13      2%          5
 Lightning Bolt           Conj/Air       31%        1d48      2%          5
 Orb of Destruction       Conj           43%        9d14      2%          7
 Apportation              Tloc           46%        N/A       3%          1
 Corpse Rot               Necr/Air       N/A        N/A       3%          2
 Spider Form              Tmut/Pois      17%        N/A       4%          3
 Vampiric Draining        Necr           17%        2d8       4%          3
 Blink                    Tloc           N/A        N/A       5%          2
 Ensorcelled Hibernation  Hex/Ice        46%        N/A       5%          2
 Poisonous Vapours        Pois/Air       46%        N/A       5%          2
 Scorch                   Fire           46%        2d7       5%          2
 Slow                     Hex            23%        N/A       5%          2
 Ignite Poison            Fire/Tmut/Pois 30%        N/A       6%          3
 Freezing Cloud           Conj/Ice/Air   26%        6-21      10%         5
 Call Canine Familiar     Summ           23%        N/A       11%         3
 Confusing Touch          Hex            23%        N/A       11%         3
 Frozen Ramparts          Ice            46%        1d6       11%         3
 Gell's Gravitas          Tloc           11%        N/A       11%         3
 Inner Flame              Hex/Fire       23%        N/A       11%         3
 Lesser Beckoning         Tloc           23%        N/A       11%         3
 Ozocubu's Armour         Ice            23%        N/A       11%         3
 Portal Projectile        Hex/Tloc       46%        N/A       11%         3
 Summon Guardian Golem    Hex/Summ       23%        N/A       11%         3
 Swiftness                Air            23%        N/A       11%         3
 Teleport Other           Tloc           23%        N/A       11%         3
 Animate Dead             Necr           17%        N/A       16%         4
 Dispel Undead            Necr           34%        3d15      16%         4
 Ice Form                 Ice/Tmut       34%        N/A       16%         4
 Conjure Ball Lightning   Conj/Air       31%        3x3d10    16%         6
 Starburst                Conj/Fire      31%        6d9       16%         6
 Blade Hands              Tmut           22%        N/A       21%         5
 Airstrike                Air            11%        N/A       36%         4
 Cause Fear               Hex            11%        N/A       36%         4
 Passage of Golubria      Tloc           N/A        N/A       36%         4
 Summon Ice Beast         Ice/Summ       23%        N/A       36%         4
 Summon Lightning Spire   Summ/Air       23%        N/A       36%         4
 Alistair's Intoxication  Tmut/Pois      22%        N/A       41%         5
 Spellforged Servitor     Conj/Summ      31%        N/A       65%         7
 Manifold Assault         Tloc           23%        N/A       71%         5
 Metabolic Englaciation   Hex/Ice        11%        N/A       71%         5
 Silence                  Hex/Air        11%        N/A       71%         5
 Summon Forest            Summ/Tloc      11%        N/A       71%         5
 Summon Mana Viper        Hex/Summ       23%        N/A       71%         5
 Death Channel            Necr           17%        N/A       94%         6
 Eringya's Noxious Bog    Tmut/Pois      17%        N/A       94%         6
 Simulacrum               Ice/Necr       14%        N/A       98%         6
 Dispersal                Tloc           11%        N/A       99%         6
 Invisibility             Hex            11%        N/A       99%         6
 Summon Cactus Giant      Summ           11%        N/A       99%         6
 Dragon Form              Tmut           22%        N/A       99%         7
 Haunt                    Necr/Summ      14%        N/A       100%        7
 Malign Gateway           Summ/Tloc      11%        N/A       100%        7
 Ozocubu's Refrigeration  Ice            11%        4d7       100%        7
 Storm Form               Tmut/Air       17%        N/A       100%        7
 Summon Hydra             Summ           11%        N/A       100%        7
 Borgnjor's Revivificati  Necr           17%        N/A       100%        8
 Discord                  Hex            11%        N/A       100%        8
 Disjunction              Tloc           11%        N/A       100%        8
 Infestation              Necr           17%        N/A       100%        8
 Maxwell's Capacitive Co  Air            11%        ∞         100%        8
 Summon Horrible Things   Summ           11%        N/A       100%        8
 Chain Lightning          Conj/Air       31%        3d41      100%        9
 Fire Storm               Conj/Fire      31%        8d8       100%        9
 Polar Vortex             Ice            11%        N/A       100%        9
 Statue Form              Tmut/Erth      Unusable   N/A       N/A         6
 Sublimation of Blood     Necr           Unusable   N/A       N/A         2

Dungeon Overview and Level Annotations

Branches:
Dungeon (15/15)            Temple (1/1) D:6            Lair (6/6) D:9
  Swamp (4/4) Lair:4        Snake (4/4) Lair:4        Slime (5/5) Lair:5
    Orc (2/2) D:12            Elf (3/3) Orc:2        Vaults (5/5) D:14
  Crypt (2/3) Vaults:3     Depths (0/5) D:15        Ossuary (visited)
 Bailey (visited)

Altars:
Ashenzari
Cheibriados
Dithmenos
Elyvilon
Fedhas
Gozag
Hepliaklqana
Kikubaaqudgha
Makhleb
Nemelex Xobeh
Okawaru
Qazlal
Ru
Sif Muna
Trog
Uskayaw
Vehumet
Wu Jian
Xom
Yredelemnul
Zin
The Shining One
Beogh
Jiyva

Shops:
D:10 :   D:15 (*!=(   Orc:1 :?   Orc:2 [:*(   Elf:2 [   Elf:3 *(*?   Snake:1 ?(
Snake:2 (=   Vaults:1 *=   Vaults:2 =   Vaults:3 ?

Annotations:
D:6 2 transporters, sn0wgr3's ghost, amateur GrFi
Slime:5 Royal Jelly
Crypt:2 Xtahua


Innate Abilities, Weirdness & Mutations

You are immune to sickness and miasma.
Your stone body is resilient. (AC +20)
You are immune to poison.
Your large and strong wings let you fly.
You resist negative energy. (rN+)
You are resistant to electric shocks. (rElec)
You are resistant to unholy torment.
You are immune to petrification.
You have a pair of small antennae on your head.
You have a somewhat thin skeletal structure. (Dex +2, Stealth+)
Armour fits poorly on your strangely shaped body.
Your body sometimes deteriorates upon taking damage.
You are frail. (-10% HP)
Your magical capacity is low. (-10% MP)
You occasionally shout uncontrollably at your foes.
You sometimes lose the ability to read scrolls when taking damage.


Message History

Unknown command.
Something hits you. Something bites you but does no damage.
Aiming: Corrosive Bolt
Press: ? - help, Shift-Dir - straight line The bolt of acid hits something but does no damage.
You hear some strange, mumbled words.
Something tries to affect you, but you resist.
Something hits you but does no damage.
Something hits your animated quicksilver dragon scales!
Your animated quicksilver dragon scales is destroyed!
Your animated quicksilver dragon scales disappears in a puff of smoke!
You block something's attack.
Aiming: Corrosive Bolt
Press: ? - help, Shift-Dir - straight line The bolt of acid hits something but does no damage.
You can read scrolls again.
Something hits you!
You feel threatened and lose the ability to read scrolls!
* * * LOW HITPOINT WARNING * * *
Something bites you but does no damage.
Unknown command.
You feel much better. Something hits you!
Something bites you but does no damage. Something hits you!
* * * LOW HITPOINT WARNING * * *
Something bites you but does no damage.
You cannot read scrolls in your current state!
Unknown command.
Okay, then.
You block something's attack. Something bites you but does no damage.
Something hits you.
* * * LOW HITPOINT WARNING * * *
You block something's attack. Something hits you but does no damage.
You block something's attack. Something hits you but does no damage.
Something bites you.
* * * LOW HITPOINT WARNING * * *
Something hits you!!
* * * LOW HITPOINT WARNING * * *
Something bites you but does no damage. Something hits you.
You die...

#..#.....#.....#.......#.
#..#.....#.....#.......#.
#..#.....#.....#.......'.
#..#.....#.....'.......#.
#..#.....#.....#.......#.
#..#.....#.....#.......#.
#..#######.....#.......#.
#..............#########.
#.......@................
#......{.................
#........................
#........................
#........................
#...########.............
#...#......#......#####..
#>..#.#'##.#......#...'..
##########.#......#...#..


There were no monsters in sight!

Vanquished Creatures
  An ancient lich (Vaults:5)
  Mara (Vaults:4)
  Bai Suzhen (Snake:3)
  Frederick (Crypt:2)
  Saint Roka (Orc:2)
  2 golden dragons (Vaults:5)
  Nikola (Swamp:4)
  Jory (Vaults:5)
  Jorgrun (Elf:2)
  A tentacled monstrosity (Vaults:5)
  Asterion (Snake:3)
  Mlioglotl (Lair:4)
  2 deep elf master archers (Elf:3)
  3 titans
  3 liches
  2 quicksilver dragons (Snake:4)
  11 acid blobs
  5 ancient champions
  3 deep elf blademasters
  3 sphinxes
  Frances (Swamp:1)
  Kirke (Swamp:1)
  Donald (Snake:1)
  8 tengu reavers
  3 shadow dragons (Vaults:5)
  2 storm dragons
  2 revenants (Crypt:1)
  2 rockslimes
  A thorn hunter (Swamp:4)
  3 fire giants (Vaults:5)
  8 azure jellies
  4 nagarajas (Snake:4)
  6 orc warlords
  12 vault wardens
  3 iron dragons (Vaults:5)
  6 frost giants
  Louise (D:15)
  Aizul (Vaults:3)
  4 deep elf sorcerers (Elf:3)
  A juggernaut skeleton (Crypt:1)
  A curse skull (Crypt:1)
  4 very ugly things
  22 ironbound preservers
  A war gargoyle (D:14)
  4 ghouls
  3 quicksilver oozes
  8 deep elf elementalists
  8 stone giants
  7 deep elf annihilators (Elf:3)
  8 deep elf demonologists
  3 dire elephants
  3 bunyips
  A minotaur (shapeshifter) (Vaults:5)
  4 entropy weavers
  7 deep elf death magi
  5 eidola
  3 eleionomae (Swamp:1)
  4 ettins
  2 crystal guardians
  Snorg (Lair:6)
  5 yaktaur captains
  9 jiangshi
  2 shambling mangroves
  5 deep elf high priests
  3 great orbs of eyes
  10 naga warriors
  A quicksilver dragon skeleton (Crypt:1)
  2 peacekeepers
  26 hydras
  4 ironbound thunderhulks
  3 salamander tyrants (Snake:4)
  Harold (D:9)
  31 vault guards
  An ogre mage (Vaults:5)
  3 ironbound frosthearts
  2 ghost crabs
  20 centaur warriors
  A spriggan air mage (Swamp:4)
  3 death knights
  16 alligators
  2 catoblepae
  6 boulder beetles
  2 fenstrider witch skeletons (Crypt:1)
  5 alligator snapping turtles (Snake:2)
  A two-headed ogre (shapeshifter) (Vaults:1)
  3 tengu warriors (D:15)
  12 anacondas
  6 two-headed ogres
  An orc high priest (Orc:2)
  2 spriggan berserkers (Swamp:4)
  26 dancing weapons
  3 vampire magi
  13 naga sharpshooters
  2 soul eaters
  4 ironbound beastmasters
  9 shock serpents
  Sonja (D:10)
  13 deep elf knights
  110 slime creatures
  A salamander mystic (Snake:4)
  A glowing orange brain (Vaults:3)
  4 sea snakes
  A shadow wraith (Crypt:2)
  8 goliath frogs
  10 skeletal warriors
  64 deep trolls
  3 flayed ghosts
  A death drake (Lair:4)
  6 spriggan druids
  8 swamp dragons
  21 orc knights
  3 naga ritualists
  8 wizards
  11 phantasmal warriors
  27 ironbound convokers
  Pikel (D:7)
  7 bog bodies
  A swamp dragon (shapeshifter) (Vaults:5)
  16 ugly things
  4 lindwurms
  3 harpies (Vaults:1)
  25 deep elf pyromancers
  7 necromancers
  A human zombie (Vaults:1)
  8 deep elf archers
  23 deep elf zephyrmancers
  3 will-o-the-wisps
  A mana viper (shapeshifter) (Vaults:4)
  8 manticores
  5 orc sorcerers (Orc:2)
  7 mana vipers
  8 cyclopes
  A stone giant zombie (Crypt:2)
  3 shining eyes
  A salamander (shapeshifter) (Vaults:5)
  6 salamanders
  12 elephants
  18 vault sentinels
  A guardian serpent (shapeshifter) (D:14)
  28 black mambas
  A naga zombie (Crypt:1)
  8 guardian serpents
  Joseph (D:8)
  2 eyes of devastation
  A torpor snail (Lair:5)
  An unseen horror (D:11)
  15 naga magi
  Maggie (D:10)
  15 cane toads
  A gargoyle (D:12)
  10 komodo dragons
  4 orange demons (D:14)
  2 yaktaurs (shapeshifter) (Elf:1)
  An alligator snapping turtle zombie (Crypt:2)
  8 freezing wraiths
  18 yaktaurs
  2 kobold demonologists (Bailey)
  Psyche (D:8)
  2 rime drakes
  An efreet (D:13)
  A tengu conjurer (D:15)
  A harpy zombie (Crypt:1)
  A green draconian skeleton (Crypt:1)
  A bloated husk (Swamp:4)
  A hydra zombie (Crypt:1)
  3 meliai (D:14)
  6 trolls
  A jumping spider (shapeshifter) (Vaults:5)
  13 hornets
  7 tyrant leeches
  A hydra skeleton (Crypt:2)
  Prince Ribbit (D:7)
  A meliai (shapeshifter) (Vaults:5)
  6 polar bears
  19 blink frogs
  8 dream sheep
  2 snapping turtles (Snake:2)
  6 flying skulls (Crypt:1)
  Sigmund (D:6)
  A fire dragon skeleton (Crypt:1)
  4 tarantellas
  68 yaks
  5 wyverns
  20 spriggans
  2 water elementals (Elf:1)
  4 redbacks
  6 basilisks
  2 spriggan simulacra (Crypt:1)
  4 hogs (Swamp:1)
  2 vampires
  6 wraiths
  5 fire elementals
  Menkaure (D:6)
  5 golden eyes (Slime:3)
  A deep troll zombie (Crypt:1)
  13 vampire mosquitoes
  12 swamp worms
  5 wargs
  3 acid dragons
  42 nagas
  An acid dragon (shapeshifter) (Elf:1)
  A faun skeleton (Crypt:1)
  18 water moccasins
  A floating eye (Slime:3)
  A floating eye (shapeshifter) (Vaults:5)
  29 orc warriors
  An ettin simulacrum (Vaults:1)
  12 swamp drakes
  A swamp drake (shapeshifter) (Vaults:5)
  3 sky beasts
  6 black bears
  3 necrophages (Crypt:1)
  6 ogres
  4 boggarts
  40 wolves
  12 centaurs
  A human skeleton (Vaults:1)
  A draconian zombie (Crypt:2)
  A phantom (D:6)
  2 kobold brigands
  A wyvern zombie (D:7)
  4 earth elementals
  7 scorpions
  7 bullfrogs
  2 water moccasin zombies
  9 killer bees
  8 electric eels
  4 howler monkeys
  A bullfrog zombie (D:5)
  4 centaur zombies
  A hound (D:4)
  A bullfrog skeleton (D:6)
  A jelly (D:6)
  18 orc priests
  A basilisk zombie (Crypt:1)
  Crazy Yiuf (D:6)
  A centaur skeleton (D:5)
  3 iguanas
  Jessica (D:2)
  18 orc wizards
  A polar bear simulacrum (Lair:3)
  5 yak simulacra (Lair:3)
  A killer bee zombie (D:7)
  3 wolf simulacra (Lair:3)
  A hound zombie (D:5)
  2 hound skeletons
  A mummy (Ossuary)
  A howler monkey zombie (D:6)
  7 gnolls (Bailey)
  A howler monkey skeleton (D:7)
  3 adders
  2 river rats (D:3)
  13 white imps
  3 ufetubi
  A worm (D:3)
  62 orcs
  5 ball pythons
  3 endoplasms
  4 giant cockroaches
  12 gnoll zombies (Ossuary)
  14 goblins
  15 hobgoblins
  4 jackals (D:1)
  16 kobolds
  7 quokkas
  A ball python zombie (Crypt:1)
  5 bats
  A bat simulacrum (Ossuary)
  8 frilled lizards
  A giant cockroach zombie (Crypt:1)
  A goblin (shapeshifter) (Vaults:1)
  5 goblin simulacra (Ossuary)
  7 goblin zombies (Ossuary)
  7 hobgoblin zombies
  A jackal skeleton (Crypt:2)
  5 kobold simulacra (Ossuary)
  4 kobold zombies (Ossuary)
  An orc zombie (Ossuary)
  6 rats
  2 rat simulacra (Ossuary)
  2 river rat simulacra (Lair:3)
  3 spectral goblins (Ossuary)
  6 spectral kobolds (Ossuary)
  4 spectral rats (Ossuary)
  2 butterflies (Lair:2)
1840 creatures vanquished.

Vanquished Creatures (collateral kills)
  A golden dragon (Vaults:5)
  A sphinx (Vaults:5)
  A shadow dragon (Vaults:5)
  An azure jelly (Slime:4)
  A stone giant (Vaults:5)
  A very ugly thing (Vaults:4)
  A bunyip (Swamp:1)
  An eleionoma (Swamp:1)
  An ironbound thunderhulk (Vaults:2)
  A hydra (Swamp:2)
  A peacekeeper (D:14)
  A dancing weapon (Elf:3)
  5 spriggans
  A goliath frog (Swamp:1)
  A sea snake (Snake:2)
  A deep troll (Vaults:4)
  A deep elf pyromancer (Elf:2)
  A troll (Orc:1)
  8 hornets
  12 slime creatures
  A tyrant leech (Swamp:4)
  2 yaks (Lair:3)
  A golden eye (Slime:3)
  A swamp worm (Swamp:1)
  An orc warrior (Orc:1)
  A killer bee (D:10)
  8 orcs
57 creatures vanquished.

Vanquished Creatures (others)
  A deep elf death mage (Elf:3)
  A deep elf knight (Elf:2)
  A tengu conjurer (D:15)
  A bloated husk (Swamp:1)
  3 orcs (D:8)
  A bush (Lair:4)
  13 foxfires
  50 fungi
  53 plants
124 creatures vanquished.

Grand Total: 2021 creatures vanquished

Notes
Turn   | Place    | Note
-------+----------+-------------------------------------------
     0 | D:1      | Gwenloh the Gargoyle Earth Elementalist began the quest for
                  | the Orb.
     0 | D:1      | Reached XP level 1. HP: 10/10 MP: 3/3
   293 | D:1      | Reached skill level 4 in Earth Magic
   352 | D:1      | Reached XP level 2. HP: 11/15 MP: 3/5
   431 | D:1      | Learned a level 2 spell: Passwall
   727 | D:1      | Reached XP level 3. HP: 19/19 MP: 3/6
   959 | D:1      | Learned a level 3 spell: Stone Arrow
  1714 | D:2      | Found a faded altar of an unknown god.
  2128 | D:2      | Noticed Jessica
  2134 | D:2      | Killed Jessica
  2135 | D:2      | Reached skill level 1 in Conjurations
  2135 | D:2      | Reached skill level 5 in Earth Magic
  2135 | D:2      | Reached XP level 4. HP: 22/24 MP: 0/8
  2471 | D:3      | Found a white marble altar of Elyvilon.
  2620 | D:3      | Found an ancient bone altar of Kikubaaqudgha.
  2997 | D:3      | Reached XP level 5. HP: 10/28 MP: 5/9
  3673 | D:3      | Found a glowing golden altar of the Shining One.
  3678 | D:3      | Found a bloodstained altar of Trog.
  3802 | D:3      | Learned a level 4 spell: Petrify
  3825 | D:4      | Found a sand-covered staircase.
  3833 | Ossuary  | Entered an ossuary
  4902 | Ossuary  | Reached skill level 6 in Earth Magic
  5295 | D:4      | Noticed a black bear
  5504 | D:4      | Reached XP level 6. HP: 32/32 MP: 3/11
  5943 | D:4      | Killed a black bear
  6350 | D:4      | Reached skill level 7 in Earth Magic
  6650 | D:4      | Found a radiant altar of Vehumet.
  6752 | D:5      | Entered Level 5 of the Dungeon
  6768 | D:5      | Reached XP level 7. HP: 25/36 MP: 2/12
  7343 | D:5      | Reached skill level 8 in Earth Magic
  7758 | D:6      | Found a transporter.
  7766 | D:6      | Identified the +1 ring mail of the Buccaneer {Str+4 Dex+4}
  7809 | D:6      | Found a transporter.
  7816 | D:6      | Noticed sn0wgr3's ghost (amateur GrFi)
  7867 | D:6      | Reached XP level 8. HP: 41/41 MP: 14/14
  7874 | D:6      | Reached skill level 1 in Transmutations
  7979 | D:6      | Reached skill level 1 in Fighting
  8131 | D:6      | Found a runed translucent door.
  8132 | D:6      | Noticed Crazy Yiuf
  8153 | D:6      | Found a staircase to the Ecumenical Temple.
  8368 | Temple   | Entered the Ecumenical Temple
  8506 | D:3      | Became a worshipper of Elyvilon the Healer
  8584 | D:6      | Reached skill level 9 in Earth Magic
  8725 | D:6      | Reached skill level 1 in Invocations
  8867 | D:6      | Noticed Sigmund
  8876 | D:6      | Killed Sigmund
  8877 | D:6      | Reached skill level 5 in Spellcasting
  8939 | D:6      | Found a sacrificial altar of Ru.
  9004 | D:6      | Found a shimmering altar of Xom.
  9006 | D:6      | Found a shimmering altar of Xom.
  9006 | D:6      | Found a shimmering altar of Xom.
  9008 | D:6      | Found a shimmering altar of Xom.
  9008 | D:6      | Found a shimmering altar of Xom.
  9008 | D:6      | Noticed Menkaure
  9015 | D:6      | Killed Menkaure
  9168 | D:6      | Killed Crazy Yiuf
  9275 | D:7      | Noticed a hornet
  9280 | D:7      | Killed a hornet
  9281 | D:7      | Reached XP level 9. HP: 51/51 MP: 4/17
  9368 | D:7      | Noticed Pikel
  9384 | D:7      | Killed Pikel
  9457 | D:7      | Noticed a two-headed ogre
  9474 | D:7      | Killed a two-headed ogre
  9475 | D:7      | Reached skill level 5 in Fighting
  9475 | D:7      | Reached skill level 10 in Earth Magic
  9692 | D:7      | Found a flagged portal.
  9737 | Bailey   | Entered a bailey
  9885 | Bailey   | Reached skill level 5 in Invocations
  9993 | Bailey   | Found an iron altar of Okawaru.
  9993 | Bailey   | Noticed a kobold demonologist
  9993 | Bailey   | Noticed a kobold demonologist
  9994 | Bailey   | Noticed an orange demon
 10021 | Bailey   | Killed a kobold demonologist
 10022 | Bailey   | Reached XP level 10. HP: 59/59 MP: 1/19
 10157 | Bailey   | Reached * piety under Elyvilon
 10164 | Bailey   | Killed a kobold demonologist
 11069 | Bailey   | Reached skill level 11 in Earth Magic
 11149 | Bailey   | Noticed an orc knight
 11161 | Bailey   | Killed an orc knight
 11283 | Bailey   | Acquired Nixtem's Grimoire of Floating Translocation
 11496 | Bailey   | Reached skill level 15 in Earth Magic
 11496 | Bailey   | Reached XP level 11. HP: 66/66 MP: 21/21
 11834 | D:7      | Found a shimmering blue altar of Sif Muna.
 11835 | D:7      | Found a shadowy altar of Dithmenos.
 11854 | D:7      | Fell from the grace of Elyvilon
 11854 | D:7      | Became a worshipper of Sif Muna the Loreminder
 11914 | D:7      | Noticed Prince Ribbit
 11923 | D:7      | Killed Prince Ribbit
 12162 | D:7      | Found a basalt altar of Yredelemnul.
 12672 | D:9      | Found a staircase to the Lair.
 12694 | D:8      | Noticed Psyche
 12710 | D:8      | Killed Psyche
 12903 | D:8      | Identified the +4 ring mail of Bedevilment {rC+ Str+6}
 12988 | D:8      | Noticed Joseph
 12993 | D:8      | Killed Joseph
 14458 | D:9      | Reached * piety under Sif Muna
 14744 | D:9      | Found a glowing silver altar of Zin.
 14744 | D:9      | Found a hazy altar of Hepliaklqana.
 15315 | D:9      | Noticed Harold
 15457 | D:9      | Reached XP level 12. HP: 72/72 MP: 16/23
 15957 | D:9      | Killed Harold
 16127 | Lair:1   | Entered Level 1 of the Lair of Beasts
 16132 | Lair:1   | Noticed an eight-headed hydra
 16269 | Lair:1   | Killed an eight-headed hydra
 17435 | Lair:1   | Noticed a seven-headed hydra
 17521 | Lair:1   | Killed a seven-headed hydra
 17983 | Lair:2   | Reached skill level 1 in Armour
 18130 | Lair:2   | Reached skill level 16 in Earth Magic
 19043 | Lair:2   | Reached XP level 13. HP: 80/80 MP: 3/25
 19189 | Lair:2   | Reached ** piety under Sif Muna
 21539 | Lair:3   | Reached *** piety under Sif Muna
 22394 | Lair:3   | Learned a level 4 spell: Animate Armour
 22401 | Lair:3   | Reached skill level 5 in Armour
 22707 | Lair:4   | Reached skill level 10 in Fighting
 22845 | Lair:3   | Reached **** piety under Sif Muna
 23069 | Lair:4   | Reached skill level 10 in Invocations
 23445 | Lair:4   | Gained mutation: Your large and strong wings let you fly.
                  | [Gargoyle growth]
 23445 | Lair:4   | Reached XP level 14. HP: 84/88 MP: 11/27
 23678 | Lair:4   | Reached skill level 17 in Earth Magic
 23688 | Lair:4   | Reached skill level 10 in Spellcasting
 24196 | Lair:4   | Found a staircase to the Snake Pit.
 24262 | Lair:4   | Found the +2 shield of Resistance {rF++ rC++ Will++}
 24534 | Lair:4   | Found a staircase to the Swamp.
 24809 | Lair:5   | Reached skill level 1 in Shields
 24922 | Lair:5   | Identified the +0 helmet of Makhleb's Displeasure {*Slow
                  | Fly rPois Int+3}
 25779 | Lair:5   | Found a staircase to the Slime Pits.
 26030 | Lair:6   | Entered Level 6 of the Lair of Beasts
 27406 | Lair:6   | Noticed Snorg
 27432 | Lair:6   | Killed Snorg
 27795 | Lair:6   | Reached ***** piety under Sif Muna
 28640 | Lair:6   | Received a gift from Sif Muna
 29833 | D:10     | Entered Level 10 of the Dungeon
 30325 | D:10     | Found Nuiciemn's Book Shoppe.
 30331 | D:10     | Bought a book of the Earth for 504 gold pieces
 30337 | D:10     | Learned a level 5 spell: Lee's Rapid Deconstruction
 30413 | D:10     | Noticed Maggie
 30423 | D:10     | Killed Maggie
 30424 | D:10     | Reached XP level 15. HP: 95/95 MP: 20/29
 30623 | D:10     | Noticed Sonja
 30624 | D:10     | Killed Sonja
 30977 | D:11     | Reached skill level 5 in Shields
 32217 | D:12     | Found a staircase to the Orcish Mines.
 33488 | Orc:1    | Entered Level 1 of the Orcish Mines
 33657 | D:12     | Received a gift from Sif Muna
 34093 | Orc:2    | Entered Level 2 of the Orcish Mines
 34102 | Orc:2    | Reached skill level 18 in Earth Magic
 35582 | Orc:2    | Noticed Saint Roka
 35588 | Orc:2    | Received a gift from Sif Muna
 35627 | Orc:2    | Killed Saint Roka
 35628 | Orc:2    | Reached XP level 16. HP: 42/101 MP: 17/31
 35694 | Orc:2    | Learned a level 5 spell: Borgnjor's Vile Clutch
 35765 | Orc:2    | Got Sif Muna's Collected Works on Combat Magic {god gift}
 36597 | Orc:2    | Found Fuacemn's General Store.
 36603 | Orc:2    | Found Hetyuz's Antique Armour Boutique.
 36637 | Orc:2    | Found a staircase to the Elven Halls.
 36651 | Orc:2    | Found Vuvet's Book Boutique.
 36664 | Orc:2    | Found Piqargh's Antique Weapon Boutique.
 36835 | Orc:2    | Bought 19 stones for 32 gold pieces
 36835 | Orc:2    | Bought a potion of heal wounds for 85 gold pieces
 36851 | Orc:2    | Bought a pair of runed boots for 210 gold pieces
 37163 | Orc:1    | Reached skill level 1 in Necromancy
 37234 | Orc:1    | Found Iplucas's Book Shoppe.
 37345 | Orc:1    | Found Margheem's Magic Scroll Shop.
 37358 | Orc:1    | Bought a scroll of fog for 26 gold pieces
 37358 | Orc:1    | Bought a scroll of fear for 45 gold pieces
 37358 | Orc:1    | Bought a scroll of identify for 26 gold pieces
 37358 | Orc:1    | Bought a scroll of identify for 26 gold pieces
 39208 | D:14     | Reached XP level 17. HP: 108/108 MP: 6/32
 40056 | D:14     | Found a gate to the Vaults.
 40504 | D:15     | Entered Level 15 of the Dungeon
 40735 | D:15     | Found Difaow's Distillery.
 41055 | D:15     | Found Ittexin's Weapon Shoppe.
 41225 | D:15     | Identified the amulet "Joypuniq" {Rampage rElec rPois rF+
                  | Regen+}
 41289 | D:15     | Found Zikh's General Store.
 41551 | D:15     | Noticed Louise
 41583 | D:15     | Killed Louise
 41883 | D:15     | Found Xywoonac's Weapon Emporium.
 41933 | D:15     | Found the +10 tower shield of Ignorance {rN+ Int-4}
 42117 | D:15     | Found a staircase to the Depths.
 42169 | D:15     | Found Wiapt's Jewellery Emporium.
 42173 | D:15     | Bought a ring of magical power for 320 gold pieces
 42668 | Swamp:1  | Entered Level 1 of the Swamp
 42687 | Swamp:1  | Reached skill level 19 in Earth Magic
 42981 | Swamp:1  | Noticed Kirke
 43171 | Swamp:1  | Killed Kirke
 43282 | Swamp:1  | Noticed Mlioglotl
 43366 | Snake:1  | Entered Level 1 of the Snake Pit
 43510 | Snake:1  | Noticed Donald
 43518 | Snake:1  | Killed Donald
 43856 | Snake:1  | Reached skill level 5 in Conjurations
 44295 | Snake:1  | Found Ocounor's Antique Weapon Shoppe.
 44299 | Snake:1  | Found Zuene's Magic Scroll Shoppe.
 44307 | Snake:1  | Bought a scroll of blinking for 112 gold pieces
 44307 | Snake:1  | Bought a scroll of identify for 30 gold pieces
 44307 | Snake:1  | Bought 2 scrolls of identify for 60 gold pieces
 45106 | Snake:2  | Reached XP level 18. HP: 116/116 MP: 15/34
 46749 | Snake:2  | Reached skill level 10 in Shields
 47864 | Snake:2  | Received a gift from Sif Muna
 47867 | Snake:2  | Got Sif Muna's Compendium of Ashen Evil {god gift}
 47894 | Snake:2  | Learned a level 6 spell: Iron Shot
 48035 | Snake:2  | Found Esheuxofu's Jewellery Shoppe.
 48073 | Snake:2  | Found Oshelun's Weapon Emporium.
 49283 | Snake:3  | Noticed Asterion
 50055 | Snake:3  | Killed Asterion
 50203 | Snake:4  | Entered Level 4 of the Snake Pit
 50607 | Snake:4  | Found a bloodstained altar of Trog.
 50633 | Snake:4  | Noticed Bai Suzhen
 50713 | Snake:3  | Killed Bai Suzhen
 51960 | Snake:4  | Reached XP level 19. HP: 99/123 MP: 36/36
 52703 | Snake:4  | Reached skill level 15 in Fighting
 53875 | Snake:4  | Got a serpentine rune of Zot
 54044 | Lair:4   | Killed Mlioglotl
 54133 | Swamp:1  | Noticed Frances
 54143 | Swamp:1  | Killed Frances
 54144 | Swamp:1  | Reached skill level 20 in Earth Magic
 55673 | Swamp:2  | Identified the +9 hand crossbow of Doubt {vorpal, Will+}
 57887 | Swamp:4  | Entered Level 4 of the Swamp
 58348 | Swamp:4  | Received a gift from Sif Muna
 58745 | Swamp:4  | Reached skill level 10 in Conjurations
 58891 | Swamp:4  | Noticed Nikola
 58944 | Swamp:4  | Killed Nikola
 58945 | Swamp:4  | Reached XP level 20. HP: 131/131 MP: 21/38
 60258 | Swamp:4  | Got a decaying rune of Zot
 60680 | Elf:1    | Entered Level 1 of the Elven Halls
 61987 | Elf:1    | Received a gift from Sif Muna
 61988 | Elf:1    | Got Sif Muna's Incunabulum of Attacks {god gift}
 63583 | Elf:2    | Found a runed translucent gate.
 63583 | Elf:2    | Found a runed translucent gate.
 63583 | Elf:2    | Found a runed translucent gate.
 63760 | Elf:2    | Found Gauplyga's Antique Armour Shop.
 63843 | Elf:2    | Bought a pair of scorched boots for 237 gold pieces
 63843 | Elf:2    | Identified the +2 pair of boots of Fashionability {Rampage}
                  | (You bought it in a shop on level 2 of the Elven Halls)
 64580 | Elf:2    | Reached skill level 21 in Earth Magic
 64987 | Elf:2    | Noticed Jorgrun
 65010 | Elf:2    | Killed Jorgrun
 65553 | Elf:3    | Entered Level 3 of the Elven Halls
 65716 | Elf:3    | Identified the +12 rapier of War {vorpal, rC+ Str+4 Int+2}
 65749 | Elf:3    | Reached XP level 21. HP: 137/137 MP: 29/39
 66036 | Elf:3    | Found Buomusu's Assorted Antiques.
 66181 | Elf:3    | Reached skill level 15 in Spellcasting
 66350 | Elf:3    | Found Meguurae's Weapon Boutique.
 66350 | Elf:3    | Found Ducyzado's General Store.
 66927 | Elf:3    | Found Issunuwk's Magic Scroll Shoppe.
 66955 | Elf:3    | Bought a scroll of fog for 40 gold pieces
 67003 | Elf:3    | Bought a potion of invisibility for 136 gold pieces
 67268 | Elf:3    | Bought a potion of heal wounds for 200 gold pieces
 67268 | Elf:3    | Bought a scroll of blinking for 300 gold pieces
 67593 | Elf:3    | Received a gift from Sif Muna
 67735 | Elf:3    | Got Sif Muna's Grimoire of Confrontation {god gift}
 67755 | Elf:3    | Identified the +5 hand crossbow of Interdependent Arising
                  | {elec, Fly rPois rC+++ Dex-5}
 67765 | Elf:3    | Identified the +1 scale mail of Gapsilitt {+Blink rElec rF-
                  | Dex+7}
 67781 | Elf:3    | Identified the +7 lajatang "Kihe Uwn" {pain, *Slow rCorr
                  | Str+6 Dex+8}
 67801 | Elf:3    | Identified the +6 great sword "Lutidd" {venom, SInv}
 67810 | Elf:3    | Identified the +5 scimitar of Wu Jian's Indignation {holy,
                  | Fragile Will+++ rCorr}
 67812 | Elf:3    | Identified the ring of Aqint {rF+ Will++ Dex+2 Slay-6
                  | Stlth+}
 67814 | Elf:3    | Got the Disquisition on Weightlessness
 67815 | Elf:3    | Identified the +9 hunting sling of Doineuh {flame, rElec}
 67817 | Elf:3    | Identified the +1 robe of Weunoos {Rampage rPois}
 67989 | Elf:3    | Got Sif Muna's Reference Book on Curses and Darkness
 68135 | Elf:3    | Bought a scroll of enchant armour for 150 gold pieces
 68378 | Vaults:1 | Entered Level 1 of the Vaults
 68771 | D:14     | Learned a level 5 spell: Irradiate
 68782 | Vaults:1 | Gained mutation: You sometimes lose the ability to read
                  | scrolls when taking damage. [mutagenic glow]
 68800 | Vaults:1 | Gained mutation: You do not regenerate when monsters are
                  | visible. [mutagenic glow]
 69835 | Vaults:1 | Identified the +4 falchion "Rasuot" {vamp, rElec rF+ Dex-3}
 70193 | Vaults:1 | Found Gelo's Jewellery Shoppe.
 70303 | Vaults:1 | Found Edwusyju's Assorted Antiques.
 70309 | Vaults:1 | Bought a potion of heal wounds for 185 gold pieces
 70656 | Vaults:1 | Reached XP level 22. HP: 145/145 MP: 37/41
 72561 | Vaults:2 | Reached skill level 15 in Shields
 72874 | Vaults:2 | Reached skill level 22 in Earth Magic
 73025 | Vaults:2 | Found Jahamnom's Jewellery Boutique.
 73585 | Vaults:2 | Identified the +5 triple crossbow "Ilimecut" {speed, rElec}
 74029 | Vaults:2 | Received a gift from Sif Muna
 74030 | Vaults:2 | Got Sif Muna's Disquisition on Enchanting Transformation
                  | {god gift}
 75330 | Vaults:3 | Found Koviji's Magic Scroll Boutique.
 75335 | Vaults:3 | Identified the +7 hunting sling "Duen Vuz" {vorpal, +Blink
                  | rC- Will+++ SInv}
 75338 | Vaults:3 | Bought a scroll of fog for 22 gold pieces
 75338 | Vaults:3 | Bought a scroll of fear for 38 gold pieces
 75786 | Vaults:3 | Found a staircase to the Crypt.
 76602 | Vaults:3 | Reached XP level 23. HP: 139/152 MP: 18/43
 79701 | Vaults:4 | Noticed Mara
 79714 | Vaults:4 | Noticed Gwenloh's illusion
 79720 | Vaults:4 | Killed Mara
 80161 | Vaults:4 | Reached skill level 15 in Conjurations
 80434 | Vaults:4 | Reached skill level 23 in Earth Magic
 81056 | Vaults:4 | Learned a level 8 spell: Lehudib's Crystal Spear
 81388 | Vaults:5 | Entered Level 5 of the Vaults
 81637 | Vaults:4 | Received a gift from Sif Muna
 81640 | Vaults:4 | Got Sif Muna's Collected Works on the Captivating Escort
                  | {god gift}
 82381 | Vaults:4 | Reached XP level 24. HP: 142/160 MP: 6/44
 82683 | Vaults:5 | Noticed Jory
 82841 | Vaults:5 | Killed Jory
 83711 | Vaults:4 | Lost mutation: You sometimes lose the ability to read
                  | scrolls when taking damage. [potion of mutation]
 83711 | Vaults:4 | Lost mutation: You do not regenerate when monsters are
                  | visible. [potion of mutation]
 83711 | Vaults:4 | Gained mutation: You have a pair of small antennae on your
                  | head. [potion of mutation]
 83844 | Vaults:5 | Identified the +1 flail "Gium" {flame, rElec Str+4 Int+6
                  | Dex-2}
 85272 | Vaults:5 | Reached skill level 15 in Invocations
 85690 | Vaults:5 | Received a gift from Sif Muna
 85691 | Vaults:5 | Got Sif Muna's Guide on the Rocks and Fire {god gift}
 86127 | Vaults:5 | Noticed an ancient lich
 86131 | Vaults:5 | Killed an ancient lich
 87216 | Vaults:5 | Identified the amulet "Rierixkiuta" {+Blink Regen+ Stlth+}
 87234 | Vaults:5 | Identified the +8 mace "Gullue" {freeze, rElec rN++ Stlth-}
 87708 | Vaults:5 | Got a silver rune of Zot
 88177 | Slime:1  | Entered Level 1 of the Pits of Slime
 88186 | Slime:1  | Gained mutation: You occasionally shout uncontrollably at
                  | your foes. [a shining eye]
 88343 | Slime:1  | Reached XP level 25. HP: 159/168 MP: 31/44
 88449 | Slime:1  | Learned a level 9 spell: Shatter
 89328 | Slime:2  | Gained mutation: Armour fits poorly on your strangely
                  | shaped body. [a shining eye]
 89989 | Slime:1  | Reached skill level 24 in Earth Magic
 90187 | Slime:3  | Found a viscous altar of Jiyva.
 90352 | Slime:3  | Received a gift from Sif Muna
 90375 | Slime:3  | Got Laomapp's Almanac of Igneous Beguiling {god gift}
 90379 | Slime:3  | Gained mutation: You sometimes lose the ability to read
                  | scrolls when taking damage. [mutagenic glow]
 91728 | Slime:4  | Gained mutation: Your magical capacity is low. (-10% MP)
                  | [mutagenic glow]
 92094 | Slime:5  | Entered Level 5 of the Pits of Slime
 92284 | Slime:4  | Gained mutation: Your body sometimes deteriorates upon
                  | taking damage. [mutagenic glow]
 92576 | Slime:5  | Noticed the Royal Jelly
 92690 | Slime:5  | Gained mutation: You are frail. (-10% HP) [a shining eye]
 92875 | Slime:5  | Gained mutation: You have a somewhat thin skeletal
                  | structure. (Dex +2, Stealth+) [mutagenic glow]
 93696 | Crypt:1  | Entered Level 1 of the Crypt
 93728 | Crypt:1  | Noticed Aizul
 93885 | Vaults:3 | Killed Aizul
 95846 | Crypt:1  | Received a gift from Sif Muna
 97418 | Crypt:2  | Noticed Xtahua
 97622 | Crypt:2  | Reached XP level 26. HP: 158/158 MP: 14/40
 97836 | Crypt:2  | Noticed Frederick
 97846 | Crypt:2  | Killed Frederick
 98382 | Crypt:1  | HP: 6/155 [something (25)]
 98383 | Crypt:1  | Slain by a vampire knight

Illustrated notes

Levels and vault maps discovered:
D:1:      saegor_arrival_under_anarchy, layout_basic
D:2:      layout_loops_cross, shapermc_ecumenical_altar_gd, uniq_jessica
D:3:      layout_loops_ring, lemuel_tele_altar, lemuel_doored_altar, minitemple,
          gup_sewer_entry_bubbles
D:4:      layout_loops_cross, nicolae_vehumet_radiance,
          chequers_ossuary_entry_cave, hangedman_feature_mirror,
          minmay_misc_feat_encased, minmay_misc_feat_square
D:5:      layout_rooms
D:6:      layout_rooms, xom_redecorated, nicolae_ru_sacrificial_ziggurat,
          minmay_temple_entry_glass, gammafunk_ghost_stat_death,
          uniq_crazy_yiuf_cottage, uniq_menkaure, uniq_sigmund
D:7:      layout_basic, mainiacjoe_overflow_alcove_4,
          gammafunk_temple_overflow_pools, enter_bailey_3, uniq_prince_ribbit1,
          uniq_pikel
D:8:      layout_basic, minmay_lizard_king, uniq_joseph, uniq_psyche
D:9:      layout_stronghold, nicolae_overflow_hidden_temple, lair_entry_dummy,
          chequers_serial_rivers_large_a, dk_noncrumbling_4,
          kennysheep_generic_room_14, uniq_harold
D:10:     layout_roguey, serial_glass, glass_columns_b, glass_columns_b,
          feat_on_display, serial_shops, nicolae_square_shop,
          grunt_ministairs_3, nicolae_two_hexagons, uniq_maggie, uniq_sonja
D:11:     layout_gridville
D:12:     layout_long_grid, orc_0_dummy
D:13:     layout_basic
D:14:     layout_roguey, lightli_vaults_fourway_checkpoint,
          serial_co_window_serial, co_window_paths_a, co_window_paths_a,
          co_window_paths_a, co_window_paths_a, co_window_paths_a,
          co_window_corner_cb, co_window_corner_cb, co_window_broadway_c,
          co_window_broadway_a, co_window_corner_ca, co_window_4corner_a,
          glass_columns_a, glass_columns_a, glass_columns_b, glass_columns_a,
          glass_columns_b, einodemon_barbed_minivault
D:15:     hangedman_depths_entry_civil_slaughter, layout_loops_corners,
          serial_shops, shop, nicolae_shop_window_shopping, shop,
          nicolae_shop_trees, shop, small_statue_alley_a, minivault_25_ag,
          uniq_louise
Temple:   eino_temple_lava
Lair:1:   layout_loops_ring, grunt_megastairs_3, lemuel_fruit_fields,
          lemuel_fruit_fields
Lair:2:   layout_cave_pods, lemuel_fruit_fields
Lair:3:   layout_hall_layers, eino_house_with_fridge
Lair:4:   layout_cave_shapes, palyth_hydra_swamp_entry,
          minmay_snake_entry_guardpost_medium, nicolae_volcano_entry_s_turn
Lair:5:   layout_loops_ring, dpeg_slime_entry_corner,
          infiniplex_staircase_pool_2
Lair:6:   minmay_lair_end_enchanted_forest, layout_regular_city, st_stairs_9,
          uniq_snorg
Swamp:1:  layout_basic_swamp, nicolae_swamp_well_well_well,
          hangedman_swamp_grove, infiniplex_staircase_pool, uniq_mlioglotl,
          uniq_kirke, uniq_frances
Swamp:2:  layout_basic_swamp, nicolae_swamp_orc_logging_accident
Swamp:3:  layout_basic_swamp, nicolae_swamp_trees_clearing,
          nicolae_swamp_feature_on_the_river_bank
Swamp:4:  swamp_basic_johnstein, layout_basic_swamp, uniq_nikola
Snake:1:  layout_onion, minmay_shop_star, uniq_donald
Snake:2:  layout_gridlike, nicolae_snake_herptile_family_reunion,
          minmay_shoptagon
Snake:3:  layout_basic, grunt_ministairs_2, uniq_asterion
Snake:4:  hellmonk_snake_rune_quicksilver_temple, layout_layer_cave,
          basic_altar, uniq_bai_suzhen
Slime:1:  layout_caves
Slime:2:  layout_caves
Slime:3:  layout_caves, basic_altar
Slime:4:  layout_caves, nicolae_slime_phagocytosis
Slime:5
Orc:1:    layout_caves, serial_shops, nicolae_square_shop,
          nicolae_shop_statue_plus
Orc:2:    grunt_orc_cross, layout_diamond_mine, portal_ice_cave_entry_imps
Elf:1:    eino_elf_arrival_sip, layout_loops_corners, hangedman_elf_represent
Elf:2:    elven_hall_of_blades_hangedman_original [nicolae_blade_bullseye],
          layout_geoelf_diagonals, serial_shops, shop, uniq_jorgrun
Elf:3:    elf_hall, layout_loops_corners, serial_shops, shop, shop, shop_statue,
          shop
Vaults:1: grunt_vaults_trifunnel, v_misc_2, ontoclasm_vaults_shuriken,
          vaults_mumra_hexcomb, ontoclasm_vaults_claustrophobia,
          vaults_room_grunt_arrival_ludios, hangedman_vaults_corner, v_misc_24,
          v_misc_30, v_alt_pattern_1, v_misc_22, layout_vaults_big_room,
          serial_shops, shop, nicolae_shop_stone
Vaults:2: v_pattern_5, v_misc_24, nicolae_vaults_network_star,
          nicolae_vaults_lopsided_apartments, nicolae_vaults_mini_display_case,
          ontoclasm_vaults_ring_square, vaults_room_semicircle,
          hangedman_vaults_pinch, nicolae_vaults_yaktaur_gun_rack,
          nicolae_vaults_windows_and_doors_thing, layout_vaults_maze_snakey,
          serial_shops, nicolae_lakefront_shop
Vaults:3: minmay_crypt_entry_simple_sparse, v_misc_22, grunt_vaults_twisty,
          hangedman_vaults_stitches, ontoclasm_vaults_spin,
          hangedman_vaults_corner_blocks, vaults_room_door_ring, v_rooms_1,
          vaults_room_door_hall, layout_vaults_omnigrid, serial_shops, shop
Vaults:4: v_rooms_4, hangedman_vaults_snaps, vaults_room_corners,
          nicolae_vaults_diagonal_hallway_6, nicolae_vaults_ninety_degrees,
          dpeg_vaults_waves, vaults_standard_mumra_lines, ontoclasm_vaults_eye,
          vaults_room_hallway, nicolae_vaults_gold_heap, vaults_room_semicircle,
          ontoclasm_vaults_loading_screen, nicolae_vaults_specimen_jars,
          layout_vaults_omnibox, uniq_mara, uniq_saint_roka
Vaults:5: uniq_jory
Crypt:1:  layout_regular_city, grunt_crypt_arrival_webbed, grunt_megastairs_2,
          uniq_aizul
Crypt:2:  layout_gridlike, uniq_xtahua, uniq_frederick, uniq_sojobo

Skill      XL: |  1  2  3  4  5  6  7  8  9 10 11 12 13 14 15 16 17 18 19 20 21 22 23 24 25 |
---------------+----------------------------------------------------------------------------+-----
Earth Magic    | 4 5 6 7 8 9 10 15 16 17 18 19 20 21 22 23 24 | 24.6
Conjurations   | 1 2 3 4 5 8 10 11 12 14 15 16 17 | 17.5
Spellcasting   | 3 4 5 6 7 8 9 10 11 12 13 14 15 16 17 18 | 18.4
Transmutations | 2 3 4 |  4.0
Fighting       | 3 5 6 7 8 10 11 12 13 14 15 16 17 18 19 20 | 20.7
Invocations    | 3 5 6 7 8 10 11 12 13 14 15 16 | 16.6
Armour         | 2 5 6 |  6.3
Shields        | 4 9 11 12 13 14 15 | 15.0
Necromancy     | 2 |  2.0
Dodging        | |  1.5
Stealth        | |  2.1

Action                   |  1- 3 |  4- 6 |  7- 9 | 10-12 | 13-15 | 16-18 | 19-21 | 22-24 | 25-27 || total
-------------------------+-------+-------+-------+-------+-------+-------+-------+-------+-------++-------
Melee: Whip              |    97 |   429 |    22 |       |       |       |       |       |       ||   548
       Spear             |       |       |    20 |       |       |       |       |       |       ||    20
       Staff             |       |       |    38 |   109 |   129 |    35 |    19 |    23 |    49 ||   402
Throw: Dart              |       |     1 |     3 |    58 |   143 |     2 |       |       |       ||   207
       Stone             |       |       |       |       |       |     1 |     2 |     1 |     1 ||     5
 Cast: Sandblast         |    28 |    14 |    28 |    63 |   105 |    65 |       |       |       ||   303
       Stone Arrow       |     8 |    19 |    59 |   225 |   569 |   327 |   388 |    99 |    98 ||  1792
       Passwall          |       |     2 |       |    18 |     3 |     7 |     5 |     1 |       ||    36
       Petrify           |       |       |     2 |     7 |     9 |    65 |    24 |    27 |     9 ||   143
       Animate Armour    |       |       |       |       |    10 |    25 |    12 |    10 |    13 ||    70
       Lee's Rapid Decon |       |       |       |       |    71 |   226 |   121 |   220 |    97 ||   735
       Borgnjor's Vile C |       |       |       |       |       |    57 |   212 |   156 |    16 ||   441
       Iron Shot         |       |       |       |       |       |    23 |    92 |   154 |    76 ||   345
       Irradiate         |       |       |       |       |       |       |     2 |    53 |    71 ||   126
       Lehudib's Crystal |       |       |       |       |       |       |       |    28 |     8 ||    36
       Shatter           |       |       |       |       |       |       |       |       |     3 ||     3
       Summon Ice Beast  |       |       |       |       |       |       |       |       |     1 ||     1
       Ignite Poison     |       |       |       |       |       |       |       |       |     1 ||     1
Invok: Channel Magic     |       |       |       |     1 |     9 |    21 |    14 |    18 |     2 ||    65
       Divine Exegesis   |       |       |       |       |       |       |       |       |     2 ||     2
Evoke: Wand              |       |       |       |     1 |    29 |     6 |       |     1 |     3 ||    40
       Box of beasts     |       |       |       |       |       |     1 |       |       |       ||     1
       Phantom mirror    |       |       |       |       |       |     1 |       |       |       ||     1
       Tin of tremorston |       |       |       |       |       |     1 |       |       |       ||     1
  Use: Scroll            |       |     8 |     2 |     5 |     8 |    13 |     2 |     1 |       ||    39
       Potion            |       |       |       |     1 |     4 |     4 |     3 |     4 |     1 ||    17
 Stab: Sleeping          |     2 |     5 |       |     1 |       |       |       |       |       ||     8
       Petrified         |       |       |     5 |       |       |       |     5 |       |       ||    10
Armor: Robe              |    38 |   130 |       |       |       |       |       |       |       ||   168
       Leather armour    |       |    28 |    40 |   117 |   112 |       |       |       |       ||   297
       Troll leather arm |       |       |       |       |   253 |   211 |    49 |       |       ||   513
       Quicksilver drago |       |       |       |       |       |       |   234 |   181 |   184 ||   599
Dodge: Dodged            |    68 |   229 |    69 |   134 |   412 |   120 |   127 |    81 |    80 ||  1320
Block: Kite shield       |       |       |       |       |   139 |   211 |   325 |   208 |   193 ||  1076

Table legend: (Time is in decaauts)
 A = Elapsed time spent in this place.
 B = Non-inter-level travel time spent in this place.
 C = Inter-level travel time spent in this place.
 D = Time resting spent in this place.
 E = Time spent auto-exploring this place.
 F = Levels seen in this place.
 G = Mean time per level.
                   A        B        C        D        E       F      G
               +--------+--------+--------+--------+--------+-----+--------+
         Total |  98730 |  92745 |   5985 |  42723 |  16406 |  49 | 2014.9 |
       Dungeon |  23034 |  21668 |   1366 |   6622 |   7399 |  15 | 1535.6 |
        Temple |     82 |     81 |      1 |      0 |     69 |   1 |   82.0 |
          Lair |  14928 |  13763 |   1165 |   6470 |   3460 |   6 | 2488.0 |
         Swamp |   6694 |   6399 |    295 |   3448 |    717 |   4 | 1673.5 |
     Snake Pit |  10416 |  10071 |    345 |   4831 |    812 |   4 | 2604.0 |
    Slime Pits |   5051 |   4738 |    313 |   2574 |   1162 |   5 | 1010.2 |
  Orcish Mines |   4093 |   3872 |    221 |   2135 |    560 |   2 | 2046.5 |
   Elven Halls |   7314 |   6920 |    394 |   2894 |    913 |   3 | 2438.0 |
        Vaults |  20335 |  18683 |   1652 |  10820 |   1163 |   5 | 4067.0 |
         Crypt |   3550 |   3322 |    228 |   1612 |     25 |   2 | 1775.0 |
       Ossuary |   1442 |   1442 |      0 |    483 |      9 |   1 | 1442.0 |
        Bailey |   1786 |   1786 |      0 |    833 |    117 |   1 | 1786.0 |
               +--------+--------+--------+--------+--------+-----+--------+

Top non-repeatable levels by time:
Vaults:4: 5535 daAuts
Vaults:3: 5110 daAuts
Vaults:5: 3710 daAuts
  Lair:6: 3416 daAuts
Vaults:1: 3300 daAuts
 Snake:4: 3224 daAuts
 Crypt:1: 3173 daAuts
   Orc:2: 3094 daAuts
 Snake:2: 3076 daAuts
  Lair:3: 3053 daAuts
  Lair:2: 2822 daAuts
Vaults:2: 2678 daAuts
   Elf:2: 2625 daAuts
    D:14: 2519 daAuts
 Swamp:4: 2500 daAuts
